 Dungeon Crawl Stone Soup version 0.24-a0-279-ga7546fe (webtiles) character file.

Game seed: 14091092943597577777

32 TheOvate the Skirmisher (level 3, -9/33 HPs)
             Began as a Hill Orc Fighter on May 1, 2019.
             Engulfed by a cloud of flame (22 damage)
             ... on level 2 of the Dungeon.
             The game lasted 00:02:06 (899 turns).

TheOvate the Skirmisher (Hill Orc Fighter)           Turns: 899, Time: 00:02:07

Health: -9/33      AC:  6    Str: 19    XL:     3   Next: 25%
Magic:  3/3        EV: 22    Int:  8    God:
Gold:   88         SH:  9    Dex: 10    Spells: 2/2 levels left

rFire    . . .     SeeInvis .   a - +0 war axe
rCold    . . .     Gourm    .   c - +0 shield
rNeg     . . .     Faith    .   b - +0 scale mail
rPois    .         Spirit   .   (no helmet)
rElec    .         Reflect  .   (no cloak)
rCorr    .         Harm     .   (no gloves)
MR       .....                  (no boots)
Stlth    ..........             l - amulet of the acrobat
HPRegen  0.11/turn              (no ring)
MPRegen  0.08/turn              (no ring)

@: acrobat, very slightly contaminated
A: no striking features
a: no special abilities


You were on level 2 of the Dungeon.
You were not hungry.

You visited 1 branch of the dungeon, and saw 2 of its levels.

You collected 88 gold pieces.

Inventory:

Hand Weapons
 a - a +0 war axe (weapon)
Missiles
 m - 5 curare-tipped needles
Armour
 b - a +0 scale mail (worn)
 c - a +0 shield (worn)
Jewellery
 l - an amulet of the acrobat (around neck)
Scrolls
 e - a scroll of blinking
 i - 4 scrolls of remove curse
 j - a scroll of identify {unknown}
 o - a scroll of teleportation {unknown}
Potions
 d - a potion of might
 k - a potion of haste {unknown}
Comestibles
 f - 3 rations
 g - 3 chunks of flesh


   Skills:
 + Level 4.1 Fighting
 + Level 3.3 Axes
 + Level 3.6 Armour
 + Level 0.3 Dodging
 + Level 3.6 Shields


You had 2 spell levels left.
You didn't know any spells.
Your spell library was empty.

Dungeon Overview and Level Annotations

Branches:
Dungeon (2/15)

Altars:


Message History

You barely miss the bat. You block the bat's attack.
As you read the scroll labeled KAUSOTHATUWK, it crumbles to dust.
The creatures around you are filled with an inner flame!
It was a scroll of immolation.
You block the bat's attack.
As you read the scroll labeled RER BITHRUVU, it crumbles to dust.
You feel as if something is helping you.
It was a scroll of remove curse.
The bat barely misses you.
You remove your ring of attention.
You drop an uncursed ring of attention.
You block the bat's attack.
You barely miss the bat. The bat hits you but does no damage.
The bat misses you.
You barely miss the bat. You block the bat's attack.
The bat closely misses you. The bat barely misses you.
You slash the bat!
The bat explodes!
The fiery explosion engulfs you!!
Ouch! That really hurt!
You are engulfed in blazing flames.
Ouch! That really hurt!
You die...

# # #.
..#.###########
##............#
......§§§.....#
###....§§§.....#
#..%...§@§.....#
#.........=....#
#...$..........#
#.....<........#
#...############
#.. .


There were no monsters in sight!

Vanquished Creatures
  A dart slug (D:1)
  3 giant cockroaches (D:1)
  4 goblins (D:1)
  4 hobgoblins (D:1)
  7 bats
  2 frilled lizards (D:1)
  2 kobolds (D:1)
  6 rats (D:1)
29 creatures vanquished.

Notes
Turn   | Place    | Note
-------+----------+-------------------------------------------
     0 | D:1      | TheOvate the Hill Orc Fighter began the quest for the Orb.
     0 | D:1      | Reached XP level 1. HP: 19/19 MP: 1/1
    80 | D:1      | Reached XP level 2. HP: 20/27 MP: 2/2
   291 | D:1      | Reached skill level 4 in Fighting
   479 | D:1      | Reached XP level 3. HP: 29/33 MP: 3/3
   899 | D:2      | Engulfed by a cloud of flame

Levels and vault maps discovered:
D:1:      lightli_iron_boxes, layout_loops_corners, minmay_split_cup_large
D:2:      layout_basic, uniq_jessica

Skill      XL: |  1  2 |
---------------+-------+-----
Axes           | 3 |  3.3
Fighting       | 4 |  4.1
Armour         | |  3.6
Dodging        | |  0.3
Shields        | |  3.6

Action                   || total
-------------------------++-------
Melee: War axe           ||    82
  Use: Scroll            ||     3
Armor: Scale mail        ||    46
Dodge: Dodged            ||    23
Block: Shield            ||    58

Table legend:
 A = Non-vault XP
 B = Vault XP
 C = Vault XP percentage of total XP
 D = Non-vault monster count
 E = Vault monster count
 F = Vault count percentage of total count
                 A         B        C        D         E       F
            +---------+---------+-------+---------+---------+-------
      Total |      40 |       6 |  13.0 |      25 |       4 |  13.8
            +---------+---------+-------+---------+---------+-------
        D:1 |      39 |       6 |  13.3 |      24 |       4 |  14.3
        D:2 |       1 |       0 |   0.0 |       1 |       0 |   0.0
            +---------+---------+-------+---------+---------+-------
